 Dungeon Crawl Stone Soup version 0.22-a0-49-g614aadd (webtiles) character file.

28 KristoblXynda the Ducker (level 2, 0/22 HPs)
             Began as a Vampire Gladiator on Jan 8, 2018.
             Slain by a worm (7 damage)
             ... on level 2 of the Dungeon.
             The game lasted 00:01:53 (934 turns).

KristoblXynda the Ducker (Vampire Gladiator)         Turns: 934, Time: 00:01:54

Health: 0/22       AC:  5    Str: 13    XL:     2   Next: 96%
Magic:  2/2        EV: 13    Int: 10    God:
Gold:   68         SH:  0    Dex: 15    Spells: 1/1 levels left

rFire    . . .     SeeInvis +   a - +0 long sword
rCold    . . .     Gourm    .   (no shield)
rNeg     + . .     Faith    .   b - +0 leather armour
rPois    .         Spirit   .   c - +0 helmet
rElec    .         Reflect  .   j - +0 cloak
rCorr    .         Harm     .   (no gloves)
MR       .....                  (no boots)
Stlth    ++........             (no amulet)
HPRegen  0.07/turn              (no ring)
MPRegen  0.08/turn              (no ring)

@: no status effects
A: fangs 3, see invisible, unbreathing
a: no special abilities


You were on level 2 of the Dungeon.
You were not thirsty.

You visited 1 branch of the dungeon, and saw 2 of its levels.

You collected 68 gold pieces.

Inventory:

Hand Weapons
 a - a +0 long sword (weapon)
Missiles
 d - 3 throwing nets (quivered)
Armour
 b - a +0 leather armour (worn)
 c - a +0 helmet (worn)
 j - a +0 cloak (worn)
Scrolls
 f - a scroll of fog {unknown}
 h - a scroll of identify
 i - a scroll of remove curse {unknown}
 k - a scroll of teleportation {unknown}
 l - a scroll of magic mapping {unknown}
 n - 2 scrolls of immolation {unknown}
Potions
 e - 11 potions of blood
 g - a potion of heal wounds
 m - a potion of berserk rage
 o - a potion of lignification


   Skills:
 - Level 1.7 Fighting
 + Level 3.3 Long Blades
 - Level 1.5 Throwing
 + Level 0.3 Armour
 + Level 3.7 Dodging
 + Level 2.2 Stealth


You had one spell level left.
You didn't know any spells.

Dungeon Overview and Level Annotations

Branches:
Dungeon (2/15)

Altars:
Fedhas


Innate Abilities, Weirdness & Mutations

You have razor-sharp teeth.
You have supernaturally acute eyesight. (SInv)
You can survive without breathing.


Message History

The worm barely misses you.
You barely miss the worm.
The worm is lightly wounded.
The worm misses you.
You slash the worm! You bite the worm, but do no damage.
The worm is heavily wounded.
The worm bites you!
You hit the worm.
The worm is heavily wounded.
You hit the worm but do no damage.
The worm is heavily wounded.
The worm bites you!
* * * LOW HITPOINT WARNING * * *
You hit the worm. You bite the worm.
The worm is severely wounded.
The worm closely misses you.
You barely miss the worm.
The worm is heavily wounded.
The worm bites you!
You die...

.## ..
####+#.##
#.......#
#.......#
#.......# #.#
#####.#
#.@w..#
#.##### #.#
#.# #.# #.##.#
.#
#.##.######.##
#.##.........
#.##.......#


You could see a worm.

Vanquished Creatures
  3 dart slugs (D:1)
  A giant cockroach (D:1)
  A goblin (D:1)
  2 hobgoblins
  2 jackals (D:1)
  2 kobolds (D:1)
  A ball python (D:1)
  5 bats (D:1)
  2 frilled lizards
  4 rats
23 creatures vanquished.

Notes
Turn   | Place    | Note
-------+----------+-------------------------------------------
     0 | D:1      | KristoblXynda the Vampire Gladiator began the quest for the Orb.
     0 | D:1      | Reached XP level 1. HP: 16/16 MP: 1/1
    84 | D:1      | Reached skill level 1 in Stealth
   375 | D:1      | Reached XP level 2. HP: 16/22 MP: 2/2
   828 | D:2      | Found a blossoming altar of Fedhas.
   934 | D:2      | Slain by a worm

Vault maps used:
D:1:      lightli_molten_gateway
D:2:      fedhas_altar_3, st_stairs_9

Skill      XL: |  1  2 |
---------------+-------+-----
Stealth        | 1 2 |  2.2
Fighting       | |  1.7
Long Blades    | |  3.3
Throwing       | |  1.5
Armour         | |  0.3
Dodging        | |  3.7

Action                   || total
-------------------------++-------
Melee: Long sword        ||    53
       Bite              ||     7
  Use: Scroll            ||     3
 Stab: Sleeping          ||     1
Armor: Leather armour    ||    22
Dodge: Dodged            ||    44
       Rpst.: Long sword ||    15

Table legend:
 A = Spawn XP
 B = Non-spawn XP
 C = Spawn XP percentage of total XP
 D = Spawn monster count
 E = Non-spawn monster count
 F = Spawn count percentage of total count
 G = Total turns spent on level
                    A         B        C        D         E        F      G
               +---------+---------+-------+---------+---------+-------+---------
         Total |       0 |      40 |   0.0 |       0 |      23 |   0.0 |   934
               +---------+---------+-------+---------+---------+-------+---------
           D:1 |       0 |      36 |   0.0 |       0 |      20 |   0.0 |   828
           D:2 |       0 |       4 |   0.0 |       0 |       3 |   0.0 |   106
               +---------+---------+-------+---------+---------+-------+---------
